[Event "Late-Titled-Tuesday-Blitz-October-24-2023"]
[Site "Chess.com"]
[Date "2023.10.24"]
[Round "2"]
[White "GlavkonVVS"]
[Black "Alex_Sahakyan2006"]
[Result "0-1"]
[WhiteElo "2525"]
[BlackElo "2740"]
[TimeControl "180+1"]
[EndTime "14:17:39 PDT"]
[Termination "Alex_Sahakyan2006 won by resignation"]

1. c4 Nf6 2. Nc3 g6 3. g3 Bg7 4. Bg2 O-O 5. Nf3 c5 6. O-O Nc6 7. d3 d6 8. a3 Rb8 9. Rb1 a6 10.
b4 cxb4 11. axb4 b5 12. cxb5 axb5 13. h3 d5 14. Bf4 Rb6 15. g4 Nxg4 16. Nxd5 Nxf2 17.
Nxe7+ Nxe7 18. Rxf2 Nd5 19. Bd2 Nc3 20. Bxc3 Bxc3 21.
d4 Qe7 22. Rb3 Bxb4 23. e4 Be6 24. d5 Bd7 25. Re2 Bc5+ 26. Kh2 b4 27. e5 Ba4 28. d6 Rxd6 29. exd6 Qxd6+ 30. Qxd6 Bxd6+ 31. Kg1 Bxb3 0-1

[Event "Late-Titled-Tuesday-Blitz-October-24-2023"]
[Site "Chess.com"]
[Date "2023.10.24"]
[Round "2"]
[White "Jospem"]
[Black "Thjop"]
[Result "1-0"]
[WhiteElo "3080"]
[BlackElo "2633"]
[TimeControl "180+1"]
[EndTime "14:17:42 PDT"]
[Termination "Jospem won by resignation"]

1. e4 e6 2. d4 d5 3. Nc3 Bb4 4.
exd5 exd5 5. Bd3 c6 6. Nf3 Bg4 7. O-O Ne7 8. h3 Bh5 9. Re1 Nd7 10. Bf4 Bg6 11. Bg5 f6 12. Bf4 O-O 13. a3 Ba5 14.
b4 Bb6 15. Na4 Re8 16. Nc5 Nxc5 17. dxc5 Bc7 18. Qd2 Bxd3 19. cxd3 Bxf4 20. Qxf4 Ng6 21. Qg3 Qd7 22. Nd4 a6 23. f4 Rxe1+ 24. Rxe1 Re8 25. Rf1 Qe7 26. Nf5 Qe2 27. Rf3 Qe1+ 28. Kh2 Qxg3+ 29. Kxg3 Re2 30. Nd6 Re7 31. d4 Nf8 32. f5 h6 33. Kf2 Nh7 34. h4 Nf8 35. a4 Rd7 36. Re3 g6 37. g4 h5 38. gxh5 gxh5 39. Re8 Kg7 40. Rb8 b5 41. a5 Rc7 42. Ne8+ 1-0

[Event "Late-Titled-Tuesday-Blitz-October-24-2023"]
[Site "Chess.com"]
[Date "2023.10.24"]
[Round "2"]
[White "Drags95"]
[Black "stolencandy13"]
[Result "1-0"]
[WhiteElo "2871"]
[BlackElo "2580"]
[TimeControl "180+1"]
[EndTime "14:17:43 PDT"]
[Termination "Drags95 won by resignation"]

1. d4 Nf6 2. c4 c5 3. d5 e6 4. Nc3 exd5 5. cxd5 d6 6. e4 g6 7. Be2 Bg7 8. Nf3 a6 9. Bf4 O-O 10. a4 Re8 11. Nd2 h5 12. h3 Qe7 13. O-O Nfd7 14. Nc4 Ne5 15. Nb6 Ra7 16. Bh2 Nbd7 17. Nxc8 Rxc8 18.
f4 Qh4 19. fxe5 Nxe5 20. Kh1 Raa8 21. Qb3 Rab8 22. Qb6 Rd8 23. Rf4 Qg5 24. Raf1 Rd7 25. Bxa6 c4 26. Bb5 Rdd8 27. Qc7 f6 28. a5 Nd3 29. R4f3 Nxb2 30. Bxd6 Rbc8 31. Qxb7 Nd3 32.
Be7 Rb8 33. Qa7 Rdc8 34. d6 Ne5 35. d7 Nxf3 36. dxc8=Q+ Rxc8 37. Rxf3 f5 38. Bxg5 1-0

[Event "Late-Titled-Tuesday-Blitz-October-24-2023"]
[Site "Chess.com"]
[Date "2023.10.24"]
[Round "2"]
[White "le-castor-faineant"]
[Black "mr_gustavo"]
[Result "0-1"]
[WhiteElo "2267"]
[BlackElo "2650"]
[TimeControl "180+1"]
[EndTime "14:17:43 PDT"]
[Termination "mr_gustavo won by resignation"]

1. d4 Nf6 2. Nf3 e6 3. Nc3 d5 4.
Bg5 c5 5. e4 dxe4 6. Nxe4 Nbd7 7.
dxc5 Bxc5 8. Bxf6 gxf6 9. Nxc5 Nxc5 10. Qxd8+ Kxd8 11. O-O-O+ Ke7 12. g3 b6 13. Bg2 Bb7 14.
Nh4 Bxg2 15. Nxg2 Rac8 16. Ne3 Rc7 17. f3 Rhc8 18. c3 b5 19. Kb1 a5 20. a3 Rb7 21.
Rhe1 Kf8 22. Nc2 Na4 23. Rd4 Nb6 24. Rh4 Kg7 25. Rg4+ Kh8 26. Ne3 f5 27. Rd4 Na4 28. Nc2 Nc5 29. Red1 Kg7 30. Rd8 Rxd8 31. Rxd8 Kf6 32.
f4 h5 33. Rh8 Rd7 34. Kc1 Nb3+ 35. Kb1 Rd1+ 36. Ka2 a4 37. c4 Rc1 38. cxb5 Rxc2 39. Ra8 Nc5 40. b6 Nd3 41. b7 Rxb2+ 42. Ka1 Rxb7 43. Rxa4 Nf2 44. Rb4 Rxb4 45. axb4 Ke7 46.
Kb2 Kd6 47. Kc3 Kd5 48. b5 Ne4+ 49. Kd3 Kc5 50. h3 Nxg3 0-1

[Event "Late-Titled-Tuesday-Blitz-October-24-2023"]
[Site "Chess.com"]
[Date "2023.10.24"]
[Round "2"]
[White "HeroRubiksCube"]
[Black "cassoulet"]
[Result "0-1"]
[WhiteElo "2557"]
[BlackElo "2792"]
[TimeControl "180+1"]
[EndTime "14:17:44 PDT"]
[Termination "cassoulet won by resignation"]

1. e4 c5 2. Nf3 e6 3. g3 Nf6 4. Nc3 d5 5. exd5 Nxd5 6. Nxd5 exd5 7. Bg2 Be7 8. O-O O-O 9. d4 Nc6 10. Be3 c4 11. c3 Qb6 12. Qd2 Bf5 13. Ne5 Rad8 14.
Rfe1 Nxe5 15. dxe5 Bc5 16. Bxc5 Qxc5 17. Rad1 Bd3 18.
Bf1 Bf5 19. Qf4 Be6 20. Rd2 Rfe8 21. Red1 h6 22. h4 Qa5 23. a3 Qc7 24. Bg2 Qc5 25.
Qd4 Qa5 26. h5 a6 27. Qa7 Rd7 28. Qd4 Qd8 29. Qf4 Qb6 30. Bxd5 Bxd5 31. Rxd5 Rxd5 32. Rxd5 Qxb2 33. Rd7 Rf8 34. e6 fxe6 35. Qd4 Qc1+ 36. Kg2 Qg5 37. Qxc4 Qf5 38. Qd4 e5 39. Qd5+ Kh8 40.
Qd2 Qxh5 41. Rxb7 Qf3+ 0-1

[Event "Late-Titled-Tuesday-Blitz-October-24-2023"]
[Site "Chess.com"]
[Date "2023.10.24"]
[Round "2"]
[White "nitpicker"]
[Black "Kleyton_Lima"]
[Result "0-1"]
[WhiteElo "2253"]
[BlackElo "2503"]
[TimeControl "180+1"]
[EndTime "14:17:44 PDT"]
[Termination "Kleyton_Lima won on time"]

1. d4 Nf6 2. c4 e6 3. g3 Bb4+ 4. Bd2 Be7 5. Nf3 d5 6. Bg2 O-O 7.
Qc2 c6 8. O-O Nbd7 9. Rd1 b6 10.
Bf4 Bb7 11. Nc3 dxc4 12. Nd2 Nd5 13. Nxc4 Nxf4 14. gxf4 Rc8 15. Rac1 Qc7 16. e3 Qb8 17. Ne5 Nxe5 18. fxe5 c5 19. Be4 g6 20. Qe2 cxd4 21. exd4 Rfd8 22. Qf3 Bxe4 23. Qxe4 Bg5 24. f4 Be7 25. d5 exd5 26. Nxd5 Bc5+ 27. Kg2 Qa8 28. Rd3 Bf8 29. Rcd1 Rc2+ 30. Kh1 Kh8 31. Rh3 Rc5 32. Rhd3 Rc2 33. Rh3 Rc5 34. Rhd3 Rdc8 35. Rh3 Rc1 36. Rd3 Rxd1+ 37. Rxd1 Rd8 38. Rd3 Qc6 39. h4 Qc1+ 40.
Kg2 Bc5 41. Ne3 Rxd3 42. Qa8+ Kg7 0-1

[Event "Late-Titled-Tuesday-Blitz-October-24-2023"]
[Site "Chess.com"]
[Date "2023.10.24"]
[Round "2"]
[White "KorolDimitriy75"]
[Black "FedaMaster"]
[Result "0-1"]
[WhiteElo "2347"]
[BlackElo "2655"]
[TimeControl "180+1"]
[EndTime "14:17:45 PDT"]
[Termination "FedaMaster won on time"]

1. d4 d5 2. c4 c6 3. Nc3 e6 4.
e3 f5 5. f4 Nf6 6. Nf3 Bd6 7.
Be2 O-O 8. O-O Bd7 9. Qb3 Qb6 10. c5 Qxb3 11. axb3 Bc7 12. b4 Be8 13. b5 cxb5 14. Nxb5 Bxb5 15. Bxb5 Nc6 16. Bd2 Ne4 17. Rfb1 a6 18.
Be2 h6 19. Be1 g5 20. g3 Kf7 21. Nd2 gxf4 22. Nxe4 fxe4 23. gxf4 Rg8+ 24. Kh1 Ke7 25. b4 Kd7 26. Ra2 Na7 27. Rba1 Kc6 28. Bd2 Nb5 29. Rf1 Raf8 30. Raa1 Rg7 31. Rg1 Rfg8 32. Rxg7 Rxg7 33. Rg1 Rxg1+ 34. Kxg1 Na3 35. Kf2 Nc4 36. Bc1 Kb5 37. Kg3 Kxb4 0-1

[Event "Late-Titled-Tuesday-Blitz-October-24-2023"]
[Site "Chess.com"]
[Date "2023.10.24"]
[Round "2"]
[White "effefe"]
[Black "NateSolon"]
[Result "0-1"]
[WhiteElo "2350"]
[BlackElo "2669"]
[TimeControl "180+1"]
[EndTime "14:17:49 PDT"]
[Termination "NateSolon won by resignation"]

1. d4 d5 2. c4 c6 3. Nc3 Nf6 4. cxd5 cxd5 5. Bf4 Nc6 6. e3 a6 7. Bd3 Bg4 8. Nf3 e6 9. Rc1 Bd6 10. O-O Bxf4 11. exf4 Bxf3 12. Qxf3 Nxd4 13. Qg3 O-O 14.
Rcd1 Qb6 15. Na4 Qb4 16. b3 Rac8 17. Qe3 Nc6 18. Rc1 Qd6 19. g3 Nb4 20. Bb1 g6 21. Qb6 Qxb6 22. Nxb6 Rc6 23. Rxc6 Nxc6 24. Rc1 Rd8 25. f3 d4 26. Kf2 Nd5 27. Ke2 Nxb6 28. Rd1 Nd5 29. Kd3 Nc3 30. Rd2 Nxb1 0-1

[Event "Late-Titled-Tuesday-Blitz-October-24-2023"]
[Site "Chess.com"]
[Date "2023.10.24"]
[Round "2"]
[White "midedu"]
[Black "santosalberto1987"]
[Result "0-1"]
[WhiteElo "2050"]
[BlackElo "2427"]
[TimeControl "180+1"]
[EndTime "14:17:50 PDT"]
[Termination "santosalberto1987 won on time"]

1. e4 e6 2. d3 d5 3. Nd2 Nf6 4. Ngf3 Nc6 5. g3 dxe4 6. dxe4 e5 7. Bg2 Bc5 8. O-O O-O 9. h3 a5 10. c3 b6 11. Re1 Ba6 12. Bf1 Bxf1 13. Kxf1 Qd3+ 14.
Qe2 Rad8 15. Kg2 Qxe2 16. Rxe2 Rd3 17. Nc4 Re8 18. Be3 Nd7 19. a3 b5 20. Bxc5 Nxc5 21.
Ncd2 a4 22. Rae1 Red8 23. Nf1 f6 24. N3h2 Na5 25. h4 Nc4 26. f4 Rd1 27. Rxd1 Rxd1 28. Nf3 Rb1 29. fxe5 fxe5 30. g4 Nd3 31. Kg3 Rxb2 32.
Rxb2 Ndxb2 33. g5 Nd3 34. h5 Nxa3 35. Kg4 Nc4 36. N1d2 a3 37. Nb3 a2 38. Kf5 Kf7 39.
g6+ hxg6+ 40. hxg6+ Ke7 41. Ng5 Nc1 42. Na1 Nd2 43.
Ne6 Ncb3 44. Nc2 Nf1 0-1

[Event "Late-Titled-Tuesday-Blitz-October-24-2023"]
[Site "Chess.com"]
[Date "2023.10.24"]
[Round "2"]
[White "djano"]
[Black "leoduarte"]
[Result "1-0"]
[WhiteElo "2681"]
[BlackElo "2417"]
[TimeControl "180+1"]
[EndTime "14:17:56 PDT"]
[Termination "djano won by checkmate"]

1. e4 c5 2. Nc3 e6 3. f4 d5 4. Nf3 d4 5. Bb5+ Bd7 6. Bxd7+ Qxd7 7. Nb1 Nc6 8. d3 f5 9. O-O O-O-O 10. Nbd2 Nf6 11.
Qe1 Be7 12. a3 Kb8 13. Kh1 h6 14. Nc4 Qc7 15. b4 cxb4 16. axb4 Bxb4 17. Bd2 Bxd2 18. Nfxd2 g5 19. e5 Nd5 20. fxg5 hxg5 21. Nb3 b5 22.
Nc5 Qh7 23. h3 g4 24. Na5 Ncb4 25. Nxe6 gxh3 26. g3 Nc3 27. Qf2 Qd7 28. Nf4 Nbd5 29. Qxd4 Nxf4 30. Qxf4 Qd5+ 31. Qf3 Qxf3+ 32. Rxf3 Nd5 33.
Rxf5 Rde8 34. Rf7 Rxe5 35. Nc6+ Kc8 36. Nxe5 Ne3 37. Raxa7 Kb8 38. Nc6+ Kc8 39. Ra8# 1-0

[Event "Late-Titled-Tuesday-Blitz-October-24-2023"]
[Site "Chess.com"]
[Date "2023.10.24"]
[Round "2"]
[White "Fradi82"]
[Black "maksimys18"]
[Result "1-0"]
[WhiteElo "2332"]
[BlackElo "2507"]
[TimeControl "180+1"]
[EndTime "14:17:58 PDT"]
[Termination "Fradi82 won by resignation"]

1. e4 e6 2. Qe2 c5 3. Nf3 Nc6 4. g3 Nf6 5. Bg2 Be7 6. O-O d5 7. d3 O-O 8. e5 Nd7 9. Re1 Qc7 10. Nbd2 b5 11. c4 bxc4 12. dxc4 Ba6 13. b3 Rae8 14.
h4 f6 15. exf6 Bxf6 16. Rb1 d4 17. Ne4 e5 18. Nfg5 h6 19. Nxf6+ Nxf6 20. Ne4 Nxe4 21.
Bxe4 Bc8 22. Qh5 Qf7 23. Qxf7+ Rxf7 24. Bxc6 Bd7 25. Bd5 Be6 26. Rxe5 Rfe7 27. Rxe6 Rxe6 28. Bf4 Kh7 29. Bxe6 Rxe6 30. Kf1 Kg6 31. Re1 Ra6 32. Re2 Kf5 33. f3 g5 34. hxg5 hxg5 35. Bc1 g4 36.
fxg4+ Kxg4 37. Kg2 Rd6 38. Bf4 Ra6 39. Bc7 Rc6 40. Bf4 Ra6 41. Rb2 Re6 42. Rd2 Ra6 43. Bc7 Rc6 44. Bd8 Re6 45. Rf2 Ra6 46. Be7 Ra5 47. a4 d3 48. Rd2 Ra6 49. Rxd3 Re6 50. Bxc5 Re2+ 51. Bf2 a5 52. Rd4+ Kf5 53. Rd5+ Kg4 54.
Rxa5 Re1 55. Rg5+ Kxg5 56. Bxe1 Kf5 57. a5 Ke4 58. a6 1-0

[Event "Late-Titled-Tuesday-Blitz-October-24-2023"]
[Site "Chess.com"]
[Date "2023.10.24"]
[Round "2"]
[White "tdf98pantani"]
[Black "MAGMAchess02"]
[Result "1-0"]
[WhiteElo "2654"]
[BlackElo "2313"]
[TimeControl "180+1"]
[EndTime "14:18:01 PDT"]
[Termination "tdf98pantani won on time"]

1. Nf3 c5 2. e4 Nc6 3. d4 cxd4 4. Nxd4 Qc7 5. Nc3 e6 6. Be3 a6 7. Bd3 Nf6 8. O-O b5 9. Nxc6 dxc6 10. f4 Bb7 11. e5 Nd5 12. Nxd5 cxd5 13. Bd4 Bc5 14. c3 g6 15. Qd2 Qb6 16. Qe3 Rc8 17. h3 a5 18. a3 b4 19. axb4 axb4 20. Kh2 O-O 21. g4 bxc3 22. bxc3 Bxd4 23. cxd4 Rc3 24. Rfb1 Qc6 25.
f5 Ba6 26. Rc1 Rxd3 27. Qh6 Qb5 28. Rg1 Qb2+ 29. Rg2 Qxd4 30. Re1 exf5 31. gxf5 Rxh3+ 32. Kxh3 Bd3 33. f6 Bf5+ 34. Kh2 1-0

[Event "Late-Titled-Tuesday-Blitz-October-24-2023"]
[Site "Chess.com"]
[Date "2023.10.24"]
[Round "2"]
[White "ArturoCaceres"]
[Black "Mbneu"]
[Result "1-0"]
[WhiteElo "2506"]
[BlackElo "2254"]
[TimeControl "180+1"]
[EndTime "14:18:06 PDT"]
[Termination "ArturoCaceres won by resignation"]

1. d4 Nf6 2. Nf3 c5 3. e3 d5 4. b3 Nc6 5. Bb2 e6 6. a3 Be7 7. Bd3 O-O 8. O-O Ne4 9. Nbd2 f5 10. c4 b6 11. Rc1 Bd7 12. cxd5 exd5 13. dxc5 bxc5 14.
Bb5 Rc8 15. Nxe4 dxe4 16. Nd2 Bf6 17. Bxf6 Qxf6 18. Nxe4 fxe4 19. Qxd7 Rfd8 20. Qg4 Qe5 21. Rc4 Re8 22. Rfc1 Re7 23. Rxc5 1-0

[Event "Late-Titled-Tuesday-Blitz-October-24-2023"]
[Site "Chess.com"]
[Date "2023.10.24"]
[Round "2"]
[White "vugarrasulov"]
[Black "JuniorJumper"]
[Result "1-0"]
[WhiteElo "2999"]
[BlackElo "2623"]
[TimeControl "180+1"]
[EndTime "14:18:07 PDT"]
[Termination "vugarrasulov won by resignation"]

1. e4 e5 2. Nf3 Nc6 3. Bc4 Nf6 4. d3 Be7 5. O-O O-O 6. Re1 d6 7. a4 Na5 8. Ba2 c5 9. Nc3 Nc6 10. Bg5 Be6 11. Bxf6 Bxf6 12. Nd5 g6 13. c3 Bg7 14. Nd2 Ne7 15. Nxe7+ Qxe7 16. Nf1 f5 17. Ne3 f4 18. Nd5 Bxd5 19. Bxd5+ Kh8 20. f3 Rab8 21. a5 g5 22. h3 h5 23. Kf2 g4 24. hxg4 Qh4+ 25. Ke2 Qg3 26. Rg1 hxg4 27. Qe1 Qxe1+ 28. Raxe1 g3 29.
Rh1+ Bh6 30. Rxh6+ Kg7 31. Reh1 Rh8 32. Rxh8 Rxh8 33.
Rxh8 Kxh8 34. Bxb7 Kg7 35. d4 Kf6 36. Kd3 Ke7 37. dxe5 dxe5 38. Kc4 Kd6 39. a6 Kc7 40. Kxc5 Kb8 41. b4 Kc7 42. b5 Kb8 43. c4 Kc7 44. Kd5 Kb6 45. Bc8 Kc7 46. Bh3 Kb8 47. c5 Kc7 48.
Kxe5 Kd8 49. Kd6 Ke8 50. b6 axb6 51. cxb6 Kf7 52. a7 Ke8 53. a8=Q+ Kf7 54. Be6+ 1-0

[Event "Late-Titled-Tuesday-Blitz-October-24-2023"]
[Site "Chess.com"]
[Date "2023.10.24"]
[Round "2"]
[White "MikaelyanArman"]
[Black "aa175"]
[Result "1-0"]
[WhiteElo "2913"]
[BlackElo "2599"]
[TimeControl "180+1"]
[EndTime "14:18:08 PDT"]
[Termination "MikaelyanArman won on time"]

1. Nf3 d5 2. d4 Bf5 3. Bf4 e6 4. e3 Bd6 5. Bxd6 cxd6 6. Bd3 Bxd3 7. Qxd3 Nc6 8. O-O Nge7 9. c3 O-O 10. Nbd2 f5 11.
c4 Kh8 12. Rac1 Qb6 13. cxd5 Nb4 14. Qa3 exd5 15. Rc3 Rac8 16. Rfc1 h6 17. Qa4 Nd3 18. Rxc8 Nxc8 19. Rc3 Nxb2 20. Qd7 Nc4 21. h4 Qb2 22. Rb3 Qa1+ 23. Kh2 Nxd2 24. Nxd2 Qxa2 25. Rxb7 Rg8 26. Nf3 Qxf2 27. Qe6 a5 28. Rb8 Qc2 29. h5 Ne7 30.
Rb7 Qe4 31. Rxe7 a4 32. Qxd6 Qg4 33. Qg6 a3 34. Ra7 1-0

[Event "Late-Titled-Tuesday-Blitz-October-24-2023"]
[Site "Chess.com"]
[Date "2023.10.24"]
[Round "2"]
[White "jactorres"]
[Black "nochewycandy"]
[Result "0-1"]
[WhiteElo "2529"]
[BlackElo "2755"]
[TimeControl "180+1"]
[EndTime "14:18:08 PDT"]
[Termination "nochewycandy won by resignation"]

1. e4 g6 2. d4 Bg7 3. Nc3 d6 4.
Be3 a6 5. f3 b5 6. Qd2 Bb7 7. g4 Nd7 8. h4 h6 9. Nge2 c5 10. h5 g5 11. Ng3 cxd4 12. Bxd4 Bxd4 13. Qxd4 Ngf6 14. Nf5 Qb6 15. O-O-O Qxd4 16. Rxd4 Nc5 17. Be2 Ne6 18. Rd2 Nf4 19. Rhd1 Bc6 20. Bf1 Nd7 21. Ne2 Nxe2+ 22. Bxe2 Ne5 23. Rd4 Bd7 24. Ne3 Be6 25. Kb1 O-O 26. a4 bxa4 27. Rxa4 a5 28. b3 Rfb8 29. Kb2 Rb4 30. Rda1 Rxa4 31. Rxa4 Kf8 32. c3 Rb8 33. b4 axb4 34. Rxb4 Ra8 35. Nc2 Ke8 36. Bb5+ Kd8 37. Nd4 Bd7 38. Bxd7 Nd3+ 39.
Kb3 Nxb4 40. cxb4 Kxd7 41. Nf5 Rh8 42. b5 e6 43. Nd4 Kc7 44. Kb4 Kb6 45. Nb3 Rc8 46. Na5 d5 47. exd5 exd5 48. Nc6 Rxc6 49. bxc6 Kxc6 50. Kc3 Kc5 51. Kd3 d4 52. Kd2 Kc4 0-1

[Event "Late-Titled-Tuesday-Blitz-October-24-2023"]
[Site "Chess.com"]
[Date "2023.10.24"]
[Round "2"]
[White "maracayo"]
[Black "Eternauta2400"]
[Result "0-1"]
[WhiteElo "2369"]
[BlackElo "2725"]
[TimeControl "180+1"]
[EndTime "14:18:08 PDT"]
[Termination "Eternauta2400 won by resignation"]

1. e4 c5 2. Nf3 Nc6 3. Bb5 g6 4.
O-O Bg7 5. Re1 e5 6. Bxc6 dxc6 7. d3 Qc7 8. a4 a5 9. c3 Nf6 10. d4 cxd4 11. cxd4 exd4 12. e5 Nd5 13. Qxd4 O-O 14. Nc3 Nb4 15. Qh4 h5 16. Bf4 Nd3 17. Re3 Nxf4 18.
Qxf4 Bf5 19. Nh4 Be6 20. Nf3 Rad8 21. Rae1 Rfe8 22. Ne4 Bf5 23. Ng3 Bg4 24. Qg5 Bxf3 25. gxf3 Qe7 26. Qxe7 Rxe7 27. f4 Rd2 28. Rb3 Rd5 29. Ne4 Rd4 30. Kg2 Rxa4 31. Nc5 Rxf4 32. Rxb7 Rxe5 33. Rb8+ Kh7 34. Rxe5 Bxe5 35. Nd3 Rg4+ 36.
Kf3 Bxb8 0-1

[Event "Late-Titled-Tuesday-Blitz-October-24-2023"]
[Site "Chess.com"]
[Date "2023.10.24"]
[Round "2"]
[White "2346PL"]
[Black "campochess"]
[Result "1-0"]
[WhiteElo "2482"]
[BlackElo "2203"]
[TimeControl "180+1"]
[EndTime "14:18:08 PDT"]
[Termination "2346PL won by resignation"]

1. d4 c5 2. d5 Nf6 3. Nc3 g6 4. e4 d6 5. f4 Bg7 6. Nf3 O-O 7. a4 a6 8. Bc4 Ng4 9. O-O f5 10. Ng5 fxe4 11. Ncxe4 Nf6 12. Qe2 h6 13. Ne6 Bxe6 14. dxe6 d5 15. Nxf6+ Bxf6 16. Bd3 Kg7 17. Qg4 Qe8 18.
c4 dxc4 19. Be4 Nc6 20. f5 g5 21. Bxc6 Qxc6 22. Qxc4 Rad8 23. Ra3 Rd4 24. Qc2 Rfd8 25. Be3 Qe4 26. Qxe4 Rxe4 27. Bxc5 Rd2 28. b4 Ree2 29. Rg3 h5 30. Rf2 Rd1+ 31. Rf1 Rdd2 32. h3 Kh6 33. h4 Re4 34. Be3 Rxe3 35. Rxe3 Bd4 36. Re1 g4 37. f6 g3 38. fxe7 Bxe3+ 39. Kh1 Bf2 40. e8=Q Rd4 41. Qf8+ Kh7 42. Qf7+ Kh6 43. Qf6+ Kh7 44.
Qxd4 Bxd4 45. e7 1-0

[Event "Late-Titled-Tuesday-Blitz-October-24-2023"]
[Site "Chess.com"]
[Date "2023.10.24"]
[Round "2"]
[White "GianmarcoVaR"]
[Black "giomar27"]
[Result "0-1"]
[WhiteElo "2689"]
[BlackElo "2377"]
[TimeControl "180+1"]
[EndTime "14:18:09 PDT"]
[Termination "giomar27 won on time"]

1. e4 e5 2. Nf3 Nc6 3. Bc4 Nf6 4. d3 h6 5. O-O d6 6. c3 g5 7. Nbd2 Bg7 8. Bb3 O-O 9. Nc4 Ne7 10. Ne3 Ng6 11. Bc2 c6 12. d4 Re8 13. dxe5 dxe5 14. Qxd8 Rxd8 15. a4 Be6 16. a5 Nd7 17. Nd2 Nc5 18.
Ndc4 Nf4 19. g3 Nfd3 20. b4 Nxe4 21. Bb2 Nxb2 22. Nxb2 Nxc3 23. Bf5 Ne2+ 24. Kg2 Nd4 25. Bxe6 Nxe6 26. Nbc4 Nd4 27. g4 b5 28. axb6 axb6 29. Nxb6 Rab8 30. Ra6 Nb5 31. Rc1 Nc7 32. Ra7 Nb5 33.
Rxc6 Nxa7 34. Rc7 Rxb6 35. Rxa7 Rxb4 36. Nf5 Rxg4+ 37. Kh3 Rf4 38. Ne7+ Kh8 39. Kg3 h5 40. h3 h4+ 41. Kg2 Rd2 0-1

[Event "Late-Titled-Tuesday-Blitz-October-24-2023"]
[Site "Chess.com"]
[Date "2023.10.24"]
[Round "2"]
[White "ATM622"]
[Black "taleslascando"]
[Result "1-0"]
[WhiteElo "2415"]
[BlackElo "1999"]
[TimeControl "180+1"]
[EndTime "14:18:09 PDT"]
[Termination "ATM622 won on time"]

1. d4 Nf6 2. c4 g6 3. g3 Bg7 4. Bg2 d6 5. Nf3 O-O 6. O-O Nc6 7. Nc3 a6 8. Qc2 Rb8 9. Rd1 b5 10. cxb5 axb5 11. Nxb5 Rxb5 12. Qxc6 Bd7 13. Qc2 c5 14. a4 Ra5 15. Bd2 Ra7 16. dxc5 dxc5 17. Qxc5 Rxa4 18. Ba5 Rxa1 19. Rxa1 Qb8 20. Qb6 Nd5 21. Qxb8 Rxb8 22. e4 Bxb2 23. Rd1 Nf6 24. e5 Ba4 25. Rb1 Bxe5 26.
Rxb8+ Bxb8 27. Bb4 Nd5 28. Ba3 e6 29. h4 Ba7 30.
Bf1 Kg7 31. Bb2+ f6 32. Ng5 Bd7 33. Bh3 Nc7 34. Bg4 h6 35. Nf3 Kf7 36. Nd2 f5 37. Be2 Nd5 38. Nc4 1-0

[Event "Late-Titled-Tuesday-Blitz-October-24-2023"]
[Site "Chess.com"]
[Date "2023.10.24"]
[Round "2"]
[White "Gyulamiryan-koryun"]
[Black "ikhasu"]
[Result "0-1"]
[WhiteElo "1948"]
[BlackElo "2412"]
[TimeControl "180+1"]
[EndTime "14:18:09 PDT"]
[Termination "ikhasu won on time"]

1. e4 c5 2. Nf3 a6 3. d4 cxd4 4. Nxd4 e5 5. Nb3 Nf6 6. Nc3 Bb4 7.
f3 d5 8. Bd2 dxe4 9. Nxe4 Nxe4 10. Bxb4 Qh4+ 11. g3 Nxg3 12. hxg3 Qxb4+ 13. c3 Qb6 14. Qd3 Be6 15. O-O-O Nd7 16. Bh3 Bxh3 17. Rxh3 O-O-O 18.
Qc4+ Kb8 19. Qxf7 Qe3+ 20. Kb1 Nf6 21. Rc1 Qxf3 22. Nc5 Rd1 23. Qe6 Rxc1+ 24. Kxc1 Qe3+ 25. Kc2 Qxc5 26. b4 Qf2+ 27. Kb3 Re8 28. Rh1 Rxe6 0-1

[Event "Late-Titled-Tuesday-Blitz-October-24-2023"]
[Site "Chess.com"]
[Date "2023.10.24"]
[Round "2"]
[White "jimis98"]
[Black "chesspreceptor"]
[Result "0-1"]
[WhiteElo "2760"]
[BlackElo "2588"]
[TimeControl "180+1"]
[EndTime "14:18:11 PDT"]
[Termination "chesspreceptor won by checkmate"]

1. d4 c5 2. d5 f5 3. Nc3 Nf6 4. Nf3 g6 5. Bf4 d6 6. g3 Bg7 7. Bg2 O-O 8. O-O Na6 9. Ng5 Nc7 10. e4 h6 11. Ne6 Nxe6 12. dxe6 Bxe6 13. e5 Nh5 14.
exd6 Nxf4 15. dxe7 Qxe7 16. gxf4 Rad8 17. Qf3 b6 18. Rfe1 Qf6 19. Qc6 Bf7 20. Qc7 Rd2 21. Qxa7 Qh4 22. Rf1 Qxf4 23. Rae1 Be5 24. Rxe5 Qxe5 25.
Qxb6 Bc4 26. Qxg6+ Qg7 27. Qxg7+ Kxg7 28. Rc1 Rb8 29.
b3 Be6 30. a4 Kf6 31. a5 Rg8 32. Kf1 Bc8 33. Nd5+ Ke5 34. Ne3 Ba6+ 35. c4 f4 36. Nd5 Kd4 37. Nc7 Bc8 38. a6 f3 39. Bxf3 Bh3+ 40.
Ke1 Rb2 41. a7 Rg1# 0-1

[Event "Late-Titled-Tuesday-Blitz-October-24-2023"]
[Site "Chess.com"]
[Date "2023.10.24"]
[Round "2"]
[White "Eloist"]
[Black "Darko-Dimitrijevic"]
[Result "1-0"]
[WhiteElo "2448"]
[BlackElo "2125"]
[TimeControl "180+1"]
[EndTime "14:18:12 PDT"]
[Termination "Eloist won by resignation"]

1. e4 d6 2. d4 Nf6 3. Nc3 c6 4.
f4 Qa5 5. Bd3 e5 6. Nf3 Nbd7 7.
Be3 Be7 8. h3 O-O 9. O-O Qc7 10.
a4 b6 11. Qd2 Bb7 12. Rae1 Rfd8 13. fxe5 dxe5 14. dxe5 Nxe5 15. Nxe5 Qxe5 16. Bf4 Qc5+ 17. Kh1 Ba6 18. e5 Bxd3 19. cxd3 Nd5 20. Bg5 Nxc3 21. Bxe7 Qxe7 22. bxc3 Qe6 23. d4 c5 24. Re4 cxd4 25. cxd4 Rac8 26. Ref4 Rc7 27. Qf2 Qc4 28. Qf3 g6 29. Qe4 a5 30. Kh2 Qxa4 31. e6 f5 32. e7 Re8 33. Qe6+ Kg7 34. Qe5+ Kg8 35. Qxc7 1-0

[Event "Late-Titled-Tuesday-Blitz-October-24-2023"]
[Site "Chess.com"]
[Date "2023.10.24"]
[Round "2"]
[White "alexrustemov"]
[Black "PositionalPanther"]
[Result "1-0"]
[WhiteElo "2782"]
[BlackElo "2554"]
[TimeControl "180+1"]
[EndTime "14:18:15 PDT"]
[Termination "alexrustemov won by checkmate"]

1. d4 e6 2. c4 d5 3. Nf3 a6 4. cxd5 exd5 5. Nc3 h6 6. Bf4 Nf6 7. e3 Bd6 8. Bxd6 Qxd6 9. h3 Bf5 10. Qb3 O-O 11. Be2 Nbd7 12. O-O Qb6 13. Qxb6 Nxb6 14. Rfc1 c6 15. b4 Ne4 16. a4 Nxc3 17. Rxc3 f6 18.
a5 Nc8 19. Nd2 Nd6 20. Nb3 Rae8 21. Nc5 Bc8 22. f3 Re7 23. Kf2 Rfe8 24. Re1 f5 25. f4 Ne4+ 26. Nxe4 Rxe4 27. Bf3 R4e7 28. g4 g6 29. Rg1 Rg7 30. h4 fxg4 31. Bxg4 Bxg4 32. Rxg4 Kf7 33. Kf3 g5 34. hxg5 hxg5 35. Rxg5 Rxg5 36. fxg5 Kg6 37. Rc1 Rf8+ 38. Kg4 Re8 39. Rf1 Rxe3 40. Rf6+ Kg7 41. Rd6 Re7 42. Kf5 Kf7 43. g6+ Kg7 44.
Kg5 Rc7 45. Re6 Rd7 46. Re8 Rc7 47. Kf5 c5 48. bxc5 Rc6 49. Re7+ Kh6 50. Rh7# 1-0

[Event "Late-Titled-Tuesday-Blitz-October-24-2023"]
[Site "Chess.com"]
[Date "2023.10.24"]
[Round "2"]
[White "Casper"]
[Black "Mariia89"]
[Result "1/2-1/2"]
[WhiteElo "2448"]
[BlackElo "2184"]
[TimeControl "180+1"]
[EndTime "14:18:15 PDT"]
[Termination "Game drawn by repetition"]

1. e4 c6 2. d4 d5 3. Nc3 dxe4 4. Nxe4 Nf6 5. Ng3 h5 6. Nf3 h4 7. Ne2 h3 8. Bg5 Ne4 9. Bf4 hxg2 10. Bxg2 Bh3 11.
Bxh3 Rxh3 12. Ng3 Qd5 13. c4 Qa5+ 14. Nd2 Nf6 15. Qb3 Qb6 16. Qc3 Nbd7 17. O-O-O e6 18.
a3 a5 19. Qd3 a4 20. Be3 Qa5 21. Nde4 Be7 22. Ng5 Rh4 23. Nf3 Rh3 24. Ng5 Rh4 25. Bd2 Qc7 26. Be3 Qa5 1/2-1/2

[Event "Late-Titled-Tuesday-Blitz-October-24-2023"]
[Site "Chess.com"]
[Date "2023.10.24"]
[Round "2"]
[White "Angry_Twin"]
[Black "dodoucb"]
[Result "1-0"]
[WhiteElo "2941"]
[BlackElo "2605"]
[TimeControl "180+1"]
[EndTime "14:18:17 PDT"]
[Termination "Angry_Twin won by resignation"]

1. e4 c6 2. Nf3 d5 3. d3 Bg4 4. h3 Bxf3 5. Qxf3 Nf6 6. e5 Nfd7 7. d4 e6 8. Bd3 c5 9. c3 Nc6 10.
Be3 Qb6 11. b3 cxd4 12. cxd4 Bb4+ 13. Kf1 O-O-O 14. a3 Qa5 15. Qxf7 Bc3 16. Nxc3 Qxc3 17. Rd1 Qxb3 18. Be2 Rde8 19. Kg1 Qxa3 20. Qxg7 Qe7 21. Qh6 Rhg8 22. Kh2 Qg7 23. Qxg7 Rxg7 24. f4 Ne7 25. g4 h5 26. Kg2 Reg8 27. Kf2 h4 28. Bd3 Rf7 29.
Ke2 a6 30. Rdf1 Nc6 31. f5 exf5 32. e6 1-0